 Dungeon Crawl Stone Soup version 0.24-a0-69-g55f835606b (webtiles) character file.

Game seed: 10123112932869324906

1514493 Flugkiller the Slayer (level 27, 135/146 HPs)
             Began as a Tengu Air Elementalist on Feb 5, 2019.
             Was the Champion of Hepliaklqana.
             Escaped with the Orb
             ... and 3 runes on Feb 6, 2019!
             The game lasted 04:44:40 (93837 turns).

Flugkiller the Slayer (Tengu Air Elementalist)     Turns: 93837, Time: 04:44:41

Health: 135/146    AC: 24    Str: 10    XL:     27
Magic:  40/54      EV: 27    Int: 25    God:    Hepliaklqana [******]
Gold:   705        SH: 15    Dex: 15    Spells: 16/60 levels left

rFire    + + .     SeeInvis +   x - +9 demon whip (distort)
rCold    + + +     Gourm    .   D - +2 shield of Resistance {rF+ rC+ MR+}
rNeg     . . .     Faith    .   O - +6 faerie dragon scales {rPois rCorr}
rPois    +         Spirit   .   N - +0 mask of the Dragon {MR+ Slay+3 SInv}
rElec    +         Reflect  .   v - +2 cloak {+Inv}
rCorr    +         Harm     .   M - +2 pair of gloves
MR       ++++.                  (boots unavailable)
Stlth    +.........             e - amulet of the acrobat
HPRegen  0.34/turn              J - ring of protection from fire
MPRegen  0.34/turn              b - ring "Voweh" {rElec rPois rC+++ MP+9 Dex-2 SInv}

@: flying quickly and evasively, quick
A: reduced essence, beak, talons 3, frail 1, mutation resistance 1, able to fly
0: Orb of Zot
}: 3/15 runes: serpentine, barnacled, slimy
a: Stop Flying, Recall Ancestor, Ancestor Identity, Transference, Idealise,
Renounce Religion, Evoke Invisibility


You escaped.
You worshipped Hepliaklqana.
Hepliaklqana was exalted by your worship.
You were not hungry.

You visited 11 branches of the dungeon, and saw 56 of its levels.
You visited 1 bazaar.
You also visited: Ice Cave, Volcano, Wizlab and Desolation.

You collected 7468 gold pieces.
You spent 6763 gold pieces at shops.

Inventory:

Hand Weapons
 x - a +9 demon whip of distortion (weapon)
   (You took it off the Enchantress on level 2 of the Depths)
Missiles
 m - 16 throwing nets (quivered)
Armour
 v - a +2 cloak of invisibility (worn)
   (You found it on level 3 of the Elven Halls)
 D - the +2 shield of Resistance (worn) {rF+ rC+ MR+}
   (You found it on level 6 of the Dungeon)

   It protects you from fire.
   It protects you from cold.
   It affects your resistance to hostile enchantments.
 M - a +2 pair of gloves (worn)
   (You found it on level 3 of the Lair of Beasts)
 N - the +0 mask of the Dragon (worn) {MR+ Slay+3 SInv}
   (You found it in the Desolation of Salt)

   It affects your accuracy and damage with ranged weapons and melee attacks
   (+3).
   It affects your resistance to hostile enchantments.
   It lets you see invisible.
 O - the +6 faerie dragon scales (worn) {rPois rCorr}
   (You took it off the Enchantress on level 2 of the Depths)

   It protects you from poison.
   It provides partial protection from all sources of acid and corrosion.
Jewellery
 b - the ring "Voweh" (right hand) {rElec rPois rC+++ MP+9 Dex-2 SInv}
   (You found it in the Desolation of Salt)

   [ring of magical power]

   It affects your dexterity (-2).
   It renders you almost immune to cold.
   It insulates you from electricity.
   It protects you from poison.
   It affects your magic capacity (+9).
   It lets you see invisible.
 e - an amulet of the acrobat (around neck)
   (You found it on level 5 of the Pits of Slime)
 j - a +5 ring of protection
   (You found it on level 5 of the Lair of Beasts)
 J - a ring of protection from fire (left hand)
   (You took it off an imperial myrmidon in the Desolation of Salt)
Wands
 l - a wand of enslavement (18)
   (You found it on level 3 of the Elven Halls)
 u - a wand of iceblast (48)
   (You took it off Ijyb on level 5 of the Dungeon)
 w - a wand of scattershot (5)
   (You found it on level 10 of the Dungeon)
 I - a wand of paralysis (17)
   (You found it on level 7 of the Dungeon)
 Q - a wand of disintegration (36)
   (You found it on level 6 of the Lair of Beasts)
 S - a wand of acid (58)
   (You found it on level 8 of the Dungeon)
 U - a wand of digging (6)
   (You found it on level 2 of the Vaults)
 X - a wand of clouds (15)
   (You found it on level 3 of the Elven Halls)
Scrolls
 a - 4 scrolls of vulnerability
 g - a scroll of brand weapon
 h - 2 scrolls of magic mapping
 s - 9 scrolls of identify
 t - 13 scrolls of teleportation
 y - 30 scrolls of remove curse
 C - 10 scrolls of amnesia
 E - 4 scrolls of summoning
 F - 4 scrolls of fog
 H - a scroll of blinking
 R - 7 scrolls of fear
 Y - a scroll of enchant armour
Potions
 d - 8 potions of agility
 f - a potion of cancellation
 i - 2 potions of haste
 k - 10 potions of magic
 n - 14 potions of lignification
 o - 2 potions of might
 q - 6 potions of resistance
 r - 4 potions of invisibility
 z - 6 potions of berserk rage
 A - a potion of heal wounds
 B - 5 potions of ambrosia
 G - 9 potions of curing
 P - 3 potions of mutation
 W - 9 potions of brilliance
Miscellaneous
 p - a fan of gales
   (You found it on level 1 of the Crypt)
 K - a lamp of fire
   (You found it on level 1 of the Crypt)
 L - 6 sacks of spiders
 T - 6 boxes of beasts
 V - a phial of floods
   (You bought it in a shop on level 5 of the Depths)
 Z - 4 phantom mirrors
Comestibles
 c - 31 rations


   Skills:
 + Level 21.5 Fighting
 - Level 12.0 Maces & Flails
 - Level 17.0 Armour
 - Level 17.0 Dodging
 - Level 2.0 Stealth
 - Level 15.0 Shields
 - Level 17.0 Spellcasting
 - Level 17.0 Conjurations
 - Level 4.0 Charms
 - Level 12.0 Ice Magic
 - Level 14.5 Air Magic
 - Level 11.0 Invocations
 - Level 20.0 Evocations


You had 16 spell levels left.
You knew the following spells:

 Your Spells              Type           Power        Failure   Level  Hunger
a - Shock                 Conj/Air       ####         0%          1    None
b - Swiftness             Chrm/Air       ######..     1%          2    None
c - Airstrike             Air            #######...   1%          4    None
d - Lightning Bolt        Conj/Air       #######...   1%          5    None
e - Freezing Cloud        Conj/Ice/Air   #######...   1%          6    ####...
f - Orb of Destruction    Conj           #######...   2%          7    #####..
g - Bolt of Cold          Conj/Ice       #######...   1%          6    ####...
h - Deflect Missiles      Chrm/Air       ######....   11%         6    ####...
i - Summon Lightning Spi  Summ/Air       ######..     1%          4    None
q - Apportation           Tloc           ###...       3%          1    None
r - Blink                 Tloc           N/A          4%          2    None

Your spell library contained the following spells:

 Spells                   Type           Power        Failure   Level  Hunger
 Magic Dart               Conj           ####         0%          1    None
 Searing Ray              Conj           ######       0%          2    None
 Throw Frost              Conj/Ice       ######       0%          2    None
 Static Discharge         Conj/Air       #######.     0%          3    None
 Flame Tongue             Conj/Fire      #####        1%          1    None
 Freeze                   Ice            ####         1%          1    None
 Infusion                 Chrm           ####         1%          1    None
 Sting                    Conj/Pois      ####         1%          1    None
 Ensorcelled Hibernation  Hex/Ice        ######       1%          2    None
 Poisonous Vapours        Pois/Air       ######       1%          2    None
 Shroud of Golubria       Chrm/Tloc      ####......   1%          2    None
 Song of Slaying          Chrm           #####...     1%          2    None
 Throw Flame              Conj/Fire      ######       1%          2    None
 Conjure Flame            Conj/Fire      ######..     1%          3    None
 Dazzling Spray           Conj/Hex       ######       1%          3    None
 Mephitic Cloud           Conj/Pois/Air  ######..     1%          3    None
 Ozocubu's Armour         Chrm/Ice       ######..     1%          3    None
 Fulminant Prism          Conj/Hex       ######....   1%          4    None
 Iskenderun's Mystic Bla  Conj           #######.     1%          4    None
 Sticky Flame             Conj/Fire      ######..     1%          4    None
 Throw Icicle             Conj/Ice       #######.     1%          4    None
 Iskenderun's Battlesphe  Conj/Chrm      ######..     1%          5    None
 Ice Form                 Ice/Tmut       ######..     2%          4    None
 Summon Ice Beast         Ice/Summ       ######..     2%          4    None
 Bolt of Draining         Conj/Necr      ######....   2%          5    None
 Fireball                 Conj/Fire      ######....   2%          5    None
 Irradiate                Conj/Tmut      ######....   2%          5    None
 Venom Bolt               Conj/Pois      ######....   2%          5    None
 Animate Skeleton         Necr           N/A          3%          1    None
 Beastly Appendage        Tmut           ###...       3%          1    None
 Corona                   Hex            ###....      3%          1    None
 Pain                     Necr           ###.         3%          1    None
 Sandblast                Erth           ###...       3%          1    None
 Summon Butterflies       Summ           ###.....     3%          1    None
 Summon Small Mammal      Summ           ###.         3%          1    None
 Ozocubu's Refrigeration  Ice            ######....   3%          6    ####...
 Call Imp                 Summ           ###.....     4%          2    None
 Corpse Rot               Necr           N/A          4%          2    None
 Passwall                 Tmut/Erth      ###.....     4%          2    None
 Slow                     Hex            ###.....     4%          2    None
 Sticks to Snakes         Tmut           ###.....     4%          2    None
 Sublimation of Blood     Necr           ###.......   4%          2    None
 Regeneration             Chrm/Necr      ####......   4%          3    None
 Spectral Weapon          Hex/Chrm       ####....     4%          3    None
 Silence                  Hex/Air        ######....   4%          5    None
 Metabolic Englaciation   Hex/Ice        ######....   8%          5    None
 Bolt of Magma            Conj/Fire/Erth #####.....   9%          5    None
 Call Canine Familiar     Summ           ###.....     10%         3    None
 Confuse                  Hex            ###.....     10%         3    None
 Gell's Gravitas          Tloc           ###.......   10%         3    None
 Ignite Poison            Fire/Tmut/Pois ###.....     10%         3    None
 Inner Flame              Hex/Fire       ###.....     10%         3    None
 Lesser Beckoning         Tloc           ###.......   10%         3    None
 Portal Projectile        Hex/Tloc       ###...       10%         3    None
 Spider Form              Tmut/Pois      ###.......   10%         3    None
 Summon Guardian Golem    Hex/Summ       ###.....     10%         3    None
 Teleport Other           Tloc           ###.....     10%         3    None
 Tukima's Dance           Hex            ###.....     10%         3    None
 Vampiric Draining        Necr           ###.......   10%         3    None
 Bolt of Fire             Conj/Fire      ######....   14%         6    ####...
 Iron Shot                Conj/Erth      ######....   14%         6    ####...
 Animate Dead             Necr           N/A          30%         4    None
 Cause Fear               Hex            ###.......   30%         4    None
 Petrify                  Tmut/Erth      ###.....     30%         4    None
 Excruciating Wounds      Chrm/Necr      ####......   36%         5    None
 Simulacrum               Ice/Necr       ######....   38%         6    ####...
 Spellforged Servitor     Conj/Summ      ######....   63%         7    #####..
 Agony                    Necr           ###.....     65%         5    None
 Aura of Abjuration       Summ           ###.......   65%         5    None
 Blade Hands              Tmut           ###.......   65%         5    None
 Dispel Undead            Necr           ###.....     65%         5    None
 Lee's Rapid Deconstruct  Erth           ###.......   65%         5    None
 Summon Mana Viper        Hex/Summ       ###.....     65%         5    None
 Yara's Violent Unravell  Hex/Tmut       ###.......   65%         5    None
 Darkness                 Hex            ###.......   99%         6    ####...
 Death Channel            Necr           ###.......   99%         6    ####...
 Hydra Form               Tmut           ###.......   99%         6    ####...
 Invisibility             Hex            ###.....     99%         6    ####...
 Shadow Creatures         Summ           N/A          99%         6    ####...
 Statue Form              Tmut/Erth      ###......    99%         6    ####...
 Dragon Form              Tmut           ###.......   100%        7    #####..
 Malign Gateway           Summ/Tloc      ###.......   100%        7    #####..
 Ring of Flames           Chrm/Fire      ####......   100%        7    #####..
 Discord                  Hex            ###.......   100%        8    #######
 Dragon's Call            Summ           ###.......   100%        9    #######
 Passage of Golubria      Tloc           Unusable     N/A         4    N/A

Dungeon Overview and Level Annotations

Branches:
Dungeon (15/15)            Temple (0/1) D:6            Lair (6/6) D:10
 Shoals (4/4) Lair:2        Snake (4/4) Lair:3        Slime (5/5) Lair:5
    Orc (2/2) D:9             Elf (3/3) Orc:2        Vaults (4/5) D:13
  Crypt (3/3) Vaults:3     Depths (5/5) D:15            Zot (5/5) Depths:5
   Tomb: Crypt:3

Altars:
Ashenzari
Dithmenos
Elyvilon
Fedhas
Hepliaklqana
Kikubaaqudgha
Makhleb
Nemelex Xobeh
Qazlal
Ru
Sif Muna
Trog
Wu Jian
Xom
Zin
The Shining One
Beogh
Jiyva

Shops:
D:14 (   Orc:1 *   Orc:2 [:[   Snake:1 [   Snake:4 *:[:   Depths:1 *
Depths:2 }=}   Depths:4 *   Depths:5 }

Portals:
Hell: Depths:1 Depths:2 Depths:3 Depths:4 Depths:5
Abyss: Depths:3 Depths:4
Pandemonium: Depths:1 Depths:2 Depths:3 Depths:4 Depths:5
Ziggurat: Depths:1
Trove: D:14 (give 16 scrolls of teleportation)

Annotations:
D:4 Dowan, Duvessa
D:12 exclusion: oklob plant
D:15 1 runed translucent door, AxeAttX's ghost, journeyman MiAs
Lair:6 3 runed translucent doors, Tarias's ghost, journeyman GrEE
Elf:2 3 runed translucent doors
Crypt:3 Sojobo
Depths:1 1 runed translucent door, spacetime's ghost, veteran GrFi


Innate Abilities, Weirdness & Mutations

You have a beak for a mouth.
You have claws for feet.
You can fly continuously.
Your life essence is reduced to manifest your ancestor. (-10% HP)
You are frail. (-10% HP)
You are somewhat resistant to further mutation.


Message History

You fly upwards.
There is a stone staircase leading down here.
(D) Dungeon (T) Temple (L) Lair (A) Shoals (P) Snake Pit (M) Slime Pits (O) Orcish Mines (E) Elven Halls (V) Vaults (C) Crypt (U) Depths (H) Hell (Z) Zot
Where to? (Enter - D:1 @ (x,y), ? - help)
There is an open door here.
There is an open door here.
An ice devil comes into view.
Unknown command.
The ice devil misses you.
You hit the ice devil.
Space bends around the ice devil.
You claw the ice devil.
The ice devil is moderately wounded.
The ice devil misses you.
You whack the ice devil!
You peck the ice devil, but do no damage.
The ice devil is heavily wounded.
The ice devil blinks!
(D) Dungeon (T) Temple (L) Lair (A) Shoals (P) Snake Pit (M) Slime Pits (O) Orcish Mines (E) Elven Halls (V) Vaults (C) Crypt (U) Depths (H) Hell (Z) Zot
Where to? (Enter - D:1 @ (x,y), ? - help)
The ice devil is too close now for your liking.
You block the ice devil's attack.
You hit the ice devil.
You peck the ice devil, but do no damage.
The ice devil is severely wounded.
The ice devil blinks!
No target in view!
(D) Dungeon (T) Temple (L) Lair (A) Shoals (P) Snake Pit (M) Slime Pits (O) Orcish Mines (E) Elven Halls (V) Vaults (C) Crypt (U) Depths (H) Hell (Z) Zot
Where to? (Enter - D:1 @ (x,y), ? - help)
An ice devil is nearby!
You whack the ice devil!
Space bends around the ice devil.
You kill the ice devil!
No target in view!
No target in view!
(D) Dungeon (T) Temple (L) Lair (A) Shoals (P) Snake Pit (M) Slime Pits (O) Orcish Mines (E) Elven Halls (V) Vaults (C) Crypt (U) Depths (H) Hell (Z) Zot
Where to? (Enter - D:1 @ (x,y), ? - help)
There is a staircase leading out of the dungeon here.
Enter note: gg You have escaped!

##.....# ##.....### #.# .[.....#
#..###...# #.# ##.#...# #.##
#...# #.# ##'##### #..# #...# #.#
#...## #..####.## #####.# ..)..##
#...###.### #.....# # ......##
###..##....###.#.### ##
.......####.##.......##.....####.
.......'....###.@..####........'.
.......####..##...######.....###.
......## ##.######.#.##.#...# ##
.....## #.# #.#.#..##..# # #...##
#.# #.#.#.###..# ##+## #.#
#.#.#.# #..# ##.# #.#
#.#.#.###..# .#.# #.#
#.......(..# .#.#########.#
#####.######


There were no monsters in sight!

Vanquished Creatures
  the Royal Jelly (Slime:5)
  An orb of fire (Zot:5)
  An ancient lich (Zot:5)
  A juggernaut (Depths:3)
  Boris (Crypt:3)
  A Killer Klown (Zot:5)
  Xtahua (Vaults:4)
  A caustic shrike (Depths:3)
  2 golden dragons
  the Enchantress (Depths:2)
  A Tzitzimitl (Zot:5)
  3 electric golems
  A hellephant (D:2)
  2 tentacled monstrosities
  A shard shrike skeleton (Crypt:1)
  12 Orb Guardians
  2 quicksilver dragons
  4 liches
  2 deep elf blademasters (Elf:3)
  13 acid blobs (Slime:5)
  The ghost of Qigyucag the Bludgeoner, an adept MiBe of Trog (Shoals:3)
  2 krakens
  2 deep elf master archers (Elf:3)
  Polyphemus (Shoals:4)
  3 Executioners
  2 death cobs
  A sphinx (Vaults:1)
  The ghost of guttsta the Thaumaturge, an adept GnNe of Kikubaaqudgha (Elf:1)
  4 storm dragons
  5 nagarajas (Snake:4)
  4 tengu reavers
  A draconian knight (Zot:4)
  5 frost giants
  10 azure jellies (Slime:5)
  6 deep elf sorcerers
  9 fire giants
  2 imperial myrmidons (Desolation)
  An orc warlord (Orc:1)
  2 ghost moths
  8 vault wardens
  2 ghouls
  Louise (Depths:4)
  5 ironheart preservers
  A reaper (Depths:1)
  2 draconian annihilators
  A deep elf elementalist (Elf:3)
  A draconian stormcaller (Depths:5)
  A spriggan defender (Depths:3)
  A curse skull (Crypt:2)
  8 very ugly things
  A war gargoyle (Vaults:4)
  8 stone giants
  An entropy weaver (Vaults:3)
  2 green draconians
  Nessos (D:12)
  A lorocyproca (Depths:5)
  2 halazid warlocks (Desolation)
  5 deep elf demonologists (Elf:3)
  4 vampire knights
  2 black draconians
  2 white draconians (Zot:1)
  5 deep elf annihilators
  4 spark wasps
  2 red draconians
  4 deep elf death magi
  2 eidola (Crypt:1)
  A crystal guardian (Desolation)
  4 merfolk javelineers (Shoals:4)
  A green death (D:3)
  3 death oozes (Slime:5)
  4 ettins
  4 deep elf high priests
  4 jiangshi (Crypt:3)
  Harold (D:8)
  3 merfolk impalers
  4 great orbs of eyes
  7 fire dragons
  7 yaktaur captains
  6 hydras
  4 ragged hierophants (Desolation)
  6 ice dragons
  3 servants of whispers
  6 naga warriors
  5 peacekeepers (Desolation)
  7 vault guards
  3 rakshasas
  5 merfolk avatars
  3 spriggan air magi
  5 anacondas
  12 centaur warriors
  3 ogre magi
  6 death yaks
  A death knight (Crypt:2)
  9 dancing weapons
  A merfolk aquamancer (Shoals:1)
  5 satyrs
  A catoblepas (Shoals:4)
  A hell hog (Depths:5)
  5 deep troll shamans
  6 deep troll earth magi
  8 two-headed ogres
  7 spriggan berserkers
  4 orc high priests
  15 deep elf knights
  2 vampire magi (Crypt:1)
  Sonja (D:10)
  6 shock serpents
  A storm dragon zombie (Crypt:3)
  7 naga sharpshooters
  A shadow wraith (Vaults:3)
  2 iron trolls (Depths:1)
  A salamander mystic (Snake:4)
  7 hell knights
  10 skeletal warriors
  A sixfirhy (Depths:1)
  19 deep trolls
  2 shadow demons
  4 glowing orange brains
  5 sea snakes
  An infernal demonspawn (Depths:5)
  3 flayed ghosts
  3 wizards
  5 phantasmal warriors (Crypt:2)
  12 deep elf archers
  An obsidian statue (Zot:5)
  5 naga ritualists
  16 ironbrand convokers
  17 harpies
  6 necromancers
  5 orc sorcerers
  8 mana vipers
  37 ugly things
  2 wolf spiders (Vaults:2)
  2 oklob plants (Snake:3)
  53 deep elf magi
  2 shining eyes (Slime:5)
  9 orc knights
  19 slime creatures
  5 manticores
  A sphinx skeleton (Crypt:2)
  10 fauns
  5 moths of wrath
  A cyclops (D:11)
  12 salamanders
  3 merfolk sirens (Shoals:2)
  A black mamba (shapeshifter) (Elf:3)
  3 ice statues (IceCv)
  3 water nymphs
  A rust devil (Depths:2)
  6 elephants
  8 naga magi
  16 black mambas
  A molten gargoyle (Volcano)
  8 vault sentinels
  4 guardian serpents
  A gargoyle (Volcano)
  2 kobold demonologists (Crypt:1)
  5 spiny frogs
  A hellion (Depths:3)
  A smoke demon (Depths:5)
  A spriggan skeleton (Depths:2)
  A yaktaur (shapeshifter) (Vaults:1)
  27 yaktaurs
  2 rime drakes
  2 tengu conjurers
  4 freezing wraiths
  4 komodo dragons
  A hellwing (Depths:5)
  2 ice devils
  An alligator snapping turtle skeleton (Crypt:1)
  12 merfolk
  2 polar bears (Lair:6)
  A hornet (shapeshifter) (Vaults:2)
  7 trolls
  A jumping spider (Vaults:3)
  6 wind drakes
  21 saltlings
  Prince Ribbit (D:6)
  5 hornets
  19 blink frogs
  Grinder (D:5)
  2 snapping turtles
  A bog body (Crypt:1)
  An ettin zombie (Depths:2)
  2 fire giant simulacra
  11 hippogriffs
  4 air elementals
  23 flying skulls (Crypt:3)
  4 water elementals
  2 wyverns
  2 vampires
  A shadow (D:10)
  6 wraiths
  11 spriggans
  4 hogs (D:7)
  A human (D:7)
  15 golden eyes
  28 yaks
  3 basilisks
  A golden eye (shapeshifter) (Depths:1)
  A hungry ghost (D:9)
  Eustachio (D:6)
  4 vampire mosquitoes (D:15)
  A swamp worm (shapeshifter) (Depths:1)
  4 wargs
  A hell hound (Depths:3)
  An acid dragon (Vaults:2)
  37 nagas
  8 water moccasins
  10 porcupines
  2 black bears (D:6)
  3 ice beasts
  20 orc warriors
  A sky beast (D:14)
  2 phantoms
  12 ogres
  5 necrophages
  18 wolves
  6 battlemagi
  15 centaurs
  18 boggarts
  A manticore skeleton (Crypt:2)
  A big kobold (D:13)
  4 crocodiles
  4 bullfrogs
  An earth elemental (Elf:1)
  A water moccasin skeleton (D:5)
  A small abomination (Zot:5)
  2 scorpions
  A queen bee zombie (Crypt:2)
  4 killer bees (D:9)
  3 electric eels
  2 howler monkeys
  3 jellies
  8 wights
  9 crimson imps
  A bullfrog zombie (D:8)
  3 quasits
  5 hounds
  A centaur zombie (D:6)
  16 orc wizards
  A gnoll shaman (D:5)
  17 orc priests
  2 centaur skeletons
  An iron imp (Depths:4)
  2 bullfrog skeletons
  An iguana (D:4)
  Ijyb (D:5)
  Natasha (D:4)
  4 worker ants
  An acid dragon zombie (Crypt:2)
  A deep dwarf zombie (Crypt:1)
  A hound skeleton (D:8)
  13 gnolls
  2 worker ant zombies
  16 adders
  4 shadow imps
  2 ufetubi (Depths:2)
  An ooze (D:5)
  An adder zombie (D:6)
  An adder skeleton (D:4)
  3 worms
  4 dart slugs
  3 leopard geckos
  58 orcs
  7 bats
  5 giant cockroaches
  A gnoll zombie (Crypt:2)
  8 goblins
  13 hobgoblins
  17 jackals
  21 kobolds
  A quokka (D:7)
  5 frilled lizards
  A goblin skeleton (Crypt:1)
  A quokka zombie (D:9)
  11 rats
  2 plants
  7 tentacles
1469 creatures vanquished.

Vanquished Creatures (collateral kills)
  2 orbs of fire (Zot:5)
  An ancient lich (Zot:5)
  Frederick (Crypt:2)
  3 Killer Klowns (Zot:5)
  A caustic shrike (Depths:3)
  Saint Roka (Depths:2)
  Nikola (Depths:2)
  An electric golem (Zot:1)
  5 tentacled monstrosities
  4 liches (Depths:3)
  A quicksilver dragon (Depths:3)
  11 Orb Guardians (Zot:5)
  A death cob (Zot:1)
  2 sphinxes
  2 ancient champions (Crypt:1)
  5 acid blobs
  3 tengu reavers
  3 shadow dragons
  2 storm dragons
  2 nagarajas (Snake:4)
  A revenant (Crypt:2)
  An azure jelly (Slime:5)
  5 fire giants
  5 frost giants
  2 draconian knights
  2 vault wardens
  An iron dragon (shapeshifter) (Vaults:2)
  An imperial myrmidon (Desolation)
  3 deep elf sorcerers (Elf:3)
  3 ghost moths
  2 iron dragons (Depths:3)
  A reaper (Crypt:1)
  2 draconian shifters (Zot:1)
  2 draconian annihilators
  4 ironheart preservers
  3 spriggan defenders (Depths:2)
  4 ghouls
  10 very ugly things
  9 stone giants
  A green draconian (Depths:5)
  5 vampire knights
  A deep elf demonologist (Elf:3)
  2 yellow draconians
  2 black draconians
  2 white draconians (Depths:5)
  5 deep elf annihilators (Elf:3)
  An orange crystal statue (WizLab)
  4 purple draconians
  3 red draconians (Zot:1)
  2 merfolk javelineers (Shoals:4)
  3 deep elf death magi
  6 merfolk impalers
  A mummy priest (Crypt:1)
  5 fire dragons
  2 eidola
  2 ettins
  8 jiangshi
  2 ragged hierophants (Desolation)
  3 servants of whispers (Desolation)
  8 great orbs of eyes
  5 ogre magi
  3 rakshasas
  6 yaktaur captains
  5 hydras
  2 peacekeepers (Desolation)
  7 naga warriors
  7 vault guards
  A monstrous demonspawn (Depths:1)
  4 ice dragons
  Erolcha (D:12)
  3 anacondas
  3 death knights
  8 centaur warriors
  A merfolk avatar (Shoals:3)
  14 two-headed ogres
  2 alligator snapping turtles
  A satyr (Shoals:4)
  2 death yaks
  6 deep troll shamans
  5 dancing weapons
  7 deep troll earth magi
  A tengu warrior (Depths:1)
  2 hell hogs (Depths:5)
  4 orc high priests
  3 spriggan berserkers
  9 naga sharpshooters
  11 deep elf knights
  A shock serpent (Snake:3)
  A storm dragon skeleton (Depths:2)
  12 skeletal warriors
  2 soul eaters
  7 hell knights
  A sixfirhy (Depths:2)
  2 salamander mystics
  5 flayed ghosts
  2 glowing orange brains
  7 sea snakes
  3 naga ritualists
  A torturous demonspawn (Depths:2)
  17 deep trolls
  3 ironbrand convokers
  A wizard (Vaults:2)
  7 orc knights
  A sphinx zombie (Depths:2)
  5 necromancers
  2 lindwurms (shapeshifter)
  A tengu zombie (Depths:2)
  23 harpies
  9 deep elf archers
  8 fauns
  2 salamanders (Snake:4)
  6 orc sorcerers
  25 deep elf magi
  4 mana vipers
  5 cyclopes
  23 ugly things
  A frost giant zombie (Depths:2)
  6 manticores
  2 wolf spiders
  A manticore (shapeshifter) (Vaults:3)
  4 elephants
  3 guardian serpents
  2 moths of wrath
  3 centaur zombies
  2 rust devils
  17 black mambas
  2 merfolk sirens
  17 naga magi
  A smoke demon (Depths:1)
  An eye of devastation (shapeshifter) (Depths:1)
  3 vault sentinels
  A gargoyle (D:14)
  3 spiny frogs
  6 centaur skeletons
  A shock serpent skeleton (Crypt:2)
  A molten gargoyle (Desolation)
  A kobold demonologist (D:15)
  A redback zombie (D:15)
  2 freezing wraiths
  10 yaktaurs
  A tengu conjurer (Depths:4)
  3 komodo dragons
  A minotaur skeleton (Crypt:2)
  9 trolls
  13 merfolk
  A polar bear (Lair:6)
  7 blink frogs
  6 hornets
  28 slime creatures
  A wind drake (Shoals:4)
  A hippogriff (shapeshifter) (Depths:2)
  A bog body (Crypt:1)
  25 saltlings
  6 hippogriffs
  4 snapping turtles
  2 dream sheep (Lair:6)
  2 meliai zombies
  4 wraiths
  18 flying skulls (Crypt:3)
  3 shadows
  2 air elementals (Elf:3)
  A wyvern (shapeshifter) (Depths:3)
  A fire elemental (Volcano)
  2 redbacks (Vaults:3)
  13 spriggans
  A wyvern (D:9)
  8 water elementals
  21 yaks
  A basilisk (Lair:6)
  A human (D:13)
  3 vampire mosquitoes (D:15)
  30 nagas
  4 wargs
  2 soldier ants
  An acid dragon (D:15)
  2 hell hounds
  2 porcupines
  5 water moccasins
  13 ice beasts
  33 orc warriors
  4 black bears
  4 necrophages
  A phantom (D:5)
  An eye of draining (D:8)
  A dream sheep zombie (Crypt:1)
  27 wolves
  A boggart (Vaults:2)
  15 ogres
  10 centaurs
  A torpor snail zombie (Crypt:1)
  6 crocodiles
  4 big kobolds
  10 bullfrogs
  2 earth elementals
  2 gnoll sergeants
  5 scorpions
  A jelly (D:13)
  A killer bee (D:9)
  A warg skeleton (Crypt:1)
  3 wights (D:13)
  5 crimson imps
  A wolf skeleton (Crypt:2)
  A human simulacrum (Vaults:1)
  A human zombie (Crypt:2)
  10 orc priests
  2 bullfrog zombies
  A gnoll shaman (D:9)
  2 iguanas
  16 orc wizards
  2 worker ants
  A hound zombie (D:9)
  A worker ant zombie (D:10)
  11 gnolls
  4 adders
  2 shadow imps
  A white imp (Depths:2)
  An ufetubus (Depths:2)
  43 orcs
  6 bats
  A giant cockroach (D:7)
  A jackal (D:10)
  A quokka (D:8)
  A gnoll skeleton (Crypt:1)
  4 kobolds
  5 fungi
  2 plants
  A tentacle (Shoals:2)
1090 creatures vanquished.

Vanquished Creatures (others)
  An Orb Guardian (Zot:5)
  A storm dragon (Zot:4)
  A fire giant (Depths:3)
  A ghoul (Crypt:2)
  A jiangshi (Crypt:3)
  An ice dragon (Vaults:3)
  A necromancer (Depths:4)
  A moth of wrath (Zot:5)
  2 flying skulls (Crypt:3)
  A ynoxinul (Depths:5)
  104 battlemagi
  4 ancestors (D:7)
  An orc (Elf:2)
  27 fungi
  23 plants
  12 tentacles
  7 toadstools (D:12)
189 creatures vanquished.

Grand Total: 2748 creatures vanquished

Notes
Turn   | Place    | Note
-------+----------+-------------------------------------------
     0 | D:1      | Flugkiller the Tengu Air Elementalist began the quest for
                  | the Orb.
     0 | D:1      | Reached XP level 1. HP: 10/10 MP: 4/4
   145 | D:1      | Reached XP level 2. HP: 15/15 MP: 4/6
   831 | D:1      | Reached XP level 3. HP: 19/19 MP: 4/7
  1770 | D:1      | Learned a level 2 spell: Swiftness
  2295 | D:2      | Reached skill level 5 in Air Magic
  2295 | D:2      | Reached XP level 4. HP: 15/24 MP: 5/9
  2432 | D:2      | Learned a level 4 spell: Airstrike
  2606 | D:2      | Found a faded altar of an unknown god.
  3225 | D:3      | Noticed an ogre
  3467 | D:3      | Found a glowing golden altar of the Shining One.
  3778 | D:3      | Gained mutation: You can fly continuously. [Tengu growth]
  3778 | D:3      | Reached XP level 5. HP: 28/28 MP: 6/10
  4283 | D:4      | Found a sparkling altar of Nemelex Xobeh.
  4471 | D:4      | Found a white marble altar of Elyvilon.
  4885 | D:4      | Reached XP level 6. HP: 32/32 MP: 2/12
  5763 | D:4      | Found a deep blue altar of Sif Muna.
  6032 | D:4      | Reached XP level 7. HP: 36/36 MP: 9/15
  6049 | D:4      | Noticed Natasha
  6051 | D:4      | Killed Natasha
  6051 | D:4      | Reached skill level 5 in Conjurations
  6168 | D:4      | Noticed Duvessa
  6168 | D:4      | Noticed Dowan
  6340 | D:4      | Found a hazy altar of Hepliaklqana.
  6342 | D:4      | Found a glowing silver altar of Zin.
  6342 | D:4      | Found an ornate altar of the Wu Jian Council.
  6343 | D:4      | Found a stormy altar of Qazlal.
  6348 | D:4      | Became a worshipper of Hepliaklqana the Forgotten
  6644 | D:5      | Entered Level 5 of the Dungeon
  6656 | D:5      | Reached skill level 5 in Spellcasting
  7332 | D:5      | Reached XP level 8. HP: 36/36 MP: 6/17
  7429 | D:5      | Noticed Grinder
  7461 | D:5      | Killed Grinder
  7607 | D:5      | Reached * piety under Hepliaklqana
  7827 | D:5      | Noticed Ijyb
  7833 | D:5      | Killed Ijyb
  7952 | D:5      | Found a shimmering altar of Xom.
  8522 | D:5      | Found a shimmering altar of Xom.
  9110 | D:6      | Reached XP level 9. HP: 40/40 MP: 7/20
  9496 | D:6      | Found the +2 shield of Resistance {rF+ rC+ MR+}
  9752 | D:6      | Found an ancient bone altar of Kikubaaqudgha.
  9927 | D:6      | Noticed Eustachio
 10016 | D:6      | Noticed Prince Ribbit
 10127 | D:6      | Found a sacrificial altar of Ru.
 10217 | D:6      | Found a bloodstained altar of Trog.
 10637 | D:6      | Found a staircase to the Ecumenical Temple.
 10805 | D:6      | Learned a level 5 spell: Lightning Bolt
 10839 | D:6      | Killed Eustachio
 11013 | D:6      | Killed Prince Ribbit
 11260 | D:6      | Found an ancient bone altar of Kikubaaqudgha.
 11375 | D:6      | Found a bloodstained altar of Trog.
 11409 | D:6      | Found a sacrificial altar of Ru.
 11682 | D:6      | Found a staircase to the Ecumenical Temple.
 12083 | D:7      | Reached skill level 1 in Fighting
 12290 | D:7      | Reached skill level 2 in Fighting
 12353 | D:7      | Found a sacrificial altar of Ru.
 12598 | D:7      | Reached skill level 3 in Fighting
 12598 | D:7      | Reached XP level 10. HP: 50/50 MP: 10/23
 12658 | D:7      | Reached skill level 4 in Fighting
 12658 | D:7      | Reached skill level 5 in Dodging
 12977 | D:7      | Reached ** piety under Hepliaklqana
 12982 | D:7      | Remembered your ancestor Skorvsgame as a battlemage
 13444 | D:7      | Reached skill level 5 in Fighting
 13812 | D:8      | Reached skill level 1 in Shields
 14024 | D:8      | Reached skill level 6 in Fighting
 14238 | D:8      | Found a burning altar of Makhleb.
 14304 | D:8      | You are sucked into a shaft for 2 floors!
 14304 | D:10     | Entered Level 10 of the Dungeon
 14442 | D:10     | Got a slimy leather armour
 14542 | D:10     | Noticed a two-headed ogre
 14855 | D:9      | Found a staircase to the Orcish Mines.
 14909 | D:10     | Reached skill level 10 in Air Magic
 14991 | D:10     | Reached XP level 11. HP: 41/56 MP: 24/24
 15167 | D:8      | Noticed Harold
 15184 | D:8      | Killed Harold
 15793 | D:9      | Reached skill level 10 in Conjurations
 15829 | D:9      | Reached *** piety under Hepliaklqana
 16424 | D:10     | Noticed Sonja
 16431 | D:10     | Killed Sonja
 16481 | D:10     | Killed a two-headed ogre
 17102 | D:10     | Found a staircase to the Lair.
 17111 | D:10     | Reached skill level 10 in Spellcasting
 17250 | D:10     | Got a warped flail
 17411 | Lair:1   | Entered Level 1 of the Lair of Beasts
 17433 | Lair:1   | Reached skill level 1 in Invocations
 18216 | Lair:1   | Reached XP level 12. HP: 62/62 MP: 14/27
 18357 | Lair:1   | Reached **** piety under Hepliaklqana
 18851 | Lair:1   | Noticed a six-headed hydra
 18860 | Lair:1   | Killed a six-headed hydra
 18936 | Lair:1   | Reached skill level 5 in Invocations
 19686 | Lair:2   | Found a dark tunnel.
 19694 | Volcano  | Entered a volcano
 19785 | Volcano  | Reached skill level 5 in Shields
 20078 | Lair:2   | Reached XP level 13. HP: 65/65 MP: 28/28
 20639 | Lair:2   | Found a staircase to the Shoals.
 20842 | Lair:2   | Got a glittering golden ring
 21173 | Lair:3   | Reached ***** piety under Hepliaklqana
 21888 | Lair:2   | Identified the cursed ring of the Original Sin {rN+++ MP+9
                  | Dex+5 Slay-4 Stlth-} (You found it on level 2 of the Lair
                  | of Beasts)
 22163 | Lair:3   | Reached XP level 14. HP: 58/71 MP: 24/29
 24209 | Lair:5   | Found a staircase to the Slime Pits.
 24214 | Lair:5   | Found a viscous altar of Jiyva.
 24243 | Lair:5   | Reached skill level 1 in Evocations
 24857 | Lair:5   | Reached skill level 7 in Fighting
 25817 | Lair:6   | Entered Level 6 of the Lair of Beasts
 25956 | Lair:6   | Reached skill level 8 in Fighting
 25956 | Lair:6   | Reached skill level 5 in Evocations
 26137 | Lair:6   | Found a runed translucent gate.
 26138 | Lair:6   | Found a runed translucent gate.
 26139 | Lair:6   | Found a runed translucent gate.
 26335 | Lair:6   | Found a frozen archway.
 26357 | Lair:6   | Reached skill level 10 in Dodging
 26383 | IceCv    | Entered an ice cave
 26464 | IceCv    | Reached skill level 10 in Shields
 27045 | IceCv    | Reached XP level 15. HP: 78/78 MP: 23/30
 27292 | Lair:6   | Noticed Tarias's ghost (journeyman GrEE)
 30414 | D:11     | Learned a level 6 spell: Freezing Cloud
 30727 | D:12     | Reached ****** piety under Hepliaklqana
 30866 | D:12     | Reached skill level 1 in Ice Magic
 30885 | D:12     | Found a blossoming altar of Fedhas.
 31146 | D:12     | Noticed Nessos
 31169 | D:12     | Killed Nessos
 31386 | D:12     | Noticed Erolcha
 31440 | D:12     | Killed Erolcha
 32219 | D:13     | Found a sacrificial altar of Ru.
 32782 | D:13     | Found a gate to the Vaults.
 32811 | D:13     | Reached skill level 5 in Ice Magic
 33310 | D:14     | Reached XP level 16. HP: 76/83 MP: 32/32
 33436 | D:14     | Found a portal to a secret trove of treasure.
 33781 | D:14     | Found Betasis's Weapon Emporium.
 34303 | D:14     | Found a white marble altar of Elyvilon.
 34895 | D:15     | Entered Level 15 of the Dungeon
 35022 | D:15     | Reached skill level 9 in Fighting
 35346 | D:15     | Found a shimmering altar of Xom.
 35411 | D:15     | Identified the cursed +1 leather armour "Xenax" {rPois
                  | Str+3 Stlth+} (You found it on level 10 of the Dungeon)
 35517 | D:15     | Found a runed translucent door.
 35517 | D:15     | Found a shimmering altar of Xom.
 35517 | D:15     | Noticed AxeAttX's ghost (journeyman MiAs)
 36042 | D:15     | Found a staircase to the Depths.
 36213 | D:15     | Upgraded the game from 0.24-a0-67-ga78bd38d5a to
                  | 0.24-a0-69-g55f835606b
 36373 | Orc:1    | Entered Level 1 of the Orcish Mines
 36403 | Orc:1    | Found Waroax's General Store.
 36518 | Orc:1    | Bought a potion of mutation for 104 gold pieces
 36750 | Orc:2    | Entered Level 2 of the Orcish Mines
 36993 | Orc:2    | Found a roughly hewn altar of Beogh.
 37032 | Orc:2    | Reached skill level 10 in Fighting
 37100 | Orc:2    | Found a staircase to the Elven Halls.
 37953 | Orc:2    | Found Nirroen's Antique Armour Shop.
 37953 | Orc:2    | Found Atzufogh's General Store.
 37955 | Orc:2    | Found Qaew's Book Shop.
 37955 | Orc:2    | Found Uliklenu's Armour Emporium.
 38243 | Orc:1    | Reached XP level 17. HP: 89/92 MP: 23/33
 38569 | Orc:1    | Identified the +8 quarterstaff of Eternal War {venom,
                  | +Blink rF+ rC+ rN+}
 38589 | Orc:1    | Found a roughly hewn altar of Beogh.
 39019 | Lair:3   | Found a staircase to the Snake Pit.
 39213 | Snake:1  | Entered Level 1 of the Snake Pit
 39326 | Snake:1  | Found Kucs's Armour Shoppe.
 40636 | Snake:2  | Reached skill level 11 in Fighting
 41485 | Snake:1  | Identified a scroll of acquirement
 41496 | Snake:1  | Learned a level 7 spell: Orb of Destruction
 42617 | Snake:2  | Got an ancient scale mail
 42780 | Snake:2  | Identified the +5 scale mail of Varcho Vegocu {rPois rN+
                  | Int+4} (You found it on level 2 of the Snake Pit)
 42853 | Snake:1  | Bought the +1 leather armour of Gozag's Reproof {Int+5
                  | Slay+5} for 637 gold pieces
 44163 | Snake:4  | Entered Level 4 of the Snake Pit
 44268 | Snake:4  | Reached XP level 18. HP: 98/99 MP: 19/34
 44466 | Snake:4  | Reached skill level 15 in Conjurations
 44469 | Snake:4  | Reached skill level 10 in Ice Magic
 44977 | Snake:4  | Found Edueb's Assorted Antiques.
 44984 | Snake:4  | Bought an ancient gossamer ring for 195 gold pieces
 45013 | Snake:4  | Identified the ring of Hepliaklqana's Delight {Fire rElec}
                  | (You bought it in a shop on level 4 of the Snake Pit)
 45014 | Snake:4  | Identified the +5 flail of Profit {venom, Int+5} (You found
                  | it on level 10 of the Dungeon)
 45373 | Snake:4  | Found Kusying's Book Shop.
 45375 | Snake:4  | Found Xihiys's Armour Boutique.
 45377 | Snake:4  | Found Bahidoz's Book Shop.
 46570 | Snake:4  | Got a serpentine rune of Zot
 47031 | Shoals:1 | Entered Level 1 of the Shoals
 48364 | Shoals:2 | Reached XP level 19. HP: 69/102 MP: 14/37
 49688 | Shoals:3 | Found a runed translucent door.
 49688 | Shoals:3 | Found a shimmering altar of Xom.
 49688 | Shoals:3 | Noticed Qigyucag's ghost (adept MiBe)
 49689 | Shoals:3 | Identified the cursed +0 broad axe of Itatt {chaos, *Drain
                  | +Rage rPois Str+5}
 49723 | Shoals:3 | Killed Qigyucag's ghost
 49730 | Shoals:3 | Identified the Guide on Flight and the Arsonist
 50765 | Shoals:4 | Entered Level 4 of the Shoals
 50855 | Shoals:4 | Reached skill level 12 in Fighting
 51014 | Shoals:4 | Got a barnacled rune of Zot
 51803 | Shoals:4 | Noticed Polyphemus
 51952 | Shoals:4 | Killed Polyphemus
 52273 | Shoals:4 | Got an ichor-stained great sword
 52274 | Shoals:4 | Identified the +7 great sword "Velipp" {venom, *Drain MR++
                  | MP+9} (You found it on level 4 of the Shoals)
 52413 | Shoals:4 | Got a slimy demon blade
 52414 | Shoals:4 | Identified the cursed +1 demon blade "Labocw" {pain, Int+2}
                  | (You found it on level 4 of the Shoals)
 52544 | Shoals:4 | Reached XP level 20. HP: 100/110 MP: 23/38
 53215 | Lair:2   | Learned a level 6 spell: Bolt of Cold
 53366 | Elf:1    | Entered Level 1 of the Elven Halls
 53382 | Elf:1    | Reached skill level 10 in Invocations
 54299 | Elf:1    | Found a runed translucent gate.
 54299 | Elf:1    | Found a runed translucent gate.
 54299 | Elf:1    | Found a runed translucent gate.
 54330 | Elf:1    | Noticed guttsta's ghost (adept GnNe)
 54786 | Elf:1    | Reached skill level 13 in Fighting
 55209 | Elf:2    | Reached skill level 15 in Dodging
 55385 | Elf:2    | Found a ruined gateway.
 55449 | Desolati | Entered the Desolation of Salt
 55657 | Desolati | Reached skill level 15 in Shields
 55776 | Desolati | Reached skill level 1 in Armour
 56176 | Desolati | Got a pitted glass ring
 56180 | Desolati | Identified the ring "Voweh" {rElec rPois rC+++ MP+9 Dex-2
                  | SInv} (You found it in the Desolation of Salt)
 56181 | Desolati | wtf is this ring, rElec rPois rC+++ MP+9 SInv
 56197 | Desolati | Got a wavering brass ring
 56205 | Desolati | Got a slimy dire flail
 56208 | Desolati | Identified the ring of Pexkas {rF+ rC+ Int+3 Dex-4 SInv}
                  | (You found it in the Desolation of Salt)
 56231 | Desolati | Reached skill level 5 in Armour
 56585 | Desolati | Found the +0 mask of the Dragon {MR+ Slay+3 SInv}
 56596 | Desolati | Got a transparent glass ring
 56597 | Desolati | Identified the ring of Mulyskos {+Fly rPois rF- rN++ AC+5}
                  | (You found it in the Desolation of Salt)
 56788 | Desolati | Got a scintillating golden ring
 56797 | Desolati | Identified the ring of Wonkipa {rPois Str+2} (You found it
                  | in the Desolation of Salt)
 56801 | Desolati | Got a twisted scale mail
 56818 | Desolati | Identified the +4 scale mail of Sourryng {rN+} (You found
                  | it in the Desolation of Salt)
 57021 | Desolati | Got a crystal great sword
 57071 | Desolati | Identified the +4 great sword "Aroijaxt" {drain, rC+ rN++
                  | Dex-2 Stlth-} (You found it in the Desolation of Salt)
 57098 | Desolati | Reached XP level 21. HP: 113/116 MP: 39/39
 57529 | Elf:2    | Found a runed translucent gate.
 57529 | Elf:2    | Found a runed translucent gate.
 57529 | Elf:2    | Found a runed translucent gate.
 57695 | Elf:2    | Reached skill level 10 in Armour
 57742 | Elf:2    | Identified Syenod's Papyrus of Supportive Battle Magic
 58055 | Elf:3    | Entered Level 3 of the Elven Halls
 58939 | Elf:3    | Found a bloodstained altar of Trog.
 59042 | Elf:3    | Got a slimy dire flail
 59048 | Elf:3    | Identified the +7 dire flail "Norrep" {venom, +Blink rElec
                  | Dex+2} (You found it on level 3 of the Elven Halls)
 59974 | Elf:3    | Identified the +2 robe "Lozy" {rF+ Regen+ Dex-4 SInv}
 60213 | Elf:3    | Identified the +5 great sword "Loujum" {slice, Str+2}
 60716 | Elf:3    | Identified the Catalogue of the Snowflakes and Stolen Souls
 60756 | Elf:3    | Identified the Catalogue of the Whale (You acquired it on
                  | level 3 of the Elven Halls)
 61422 | Vaults:1 | Entered Level 1 of the Vaults
 61831 | Vaults:1 | Reached XP level 22. HP: 117/122 MP: 40/40
 62559 | Vaults:1 | Got a brightly glowing bardiche
 62560 | Vaults:1 | Identified the +12 bardiche of Punyot {chop, Dex+3} (You
                  | found it on level 1 of the Vaults)
 62576 | Vaults:1 | Reached skill level 14 in Fighting
 63033 | Vaults:2 | Found a magical portal.
 63058 | WizLab   | Entered Wucad Mu's Monastery
 63131 | WizLab   | Found the +9 staff of Wucad Mu {channel}
 63189 | WizLab   | Learned a level 6 spell: Deflect Missiles
 63190 | WizLab   | Reached XP level 23. HP: 127/127 MP: 41/41
 63362 | Vaults:2 | Reached skill level 1 in Charms
 64363 | Vaults:2 | Identified the Collected Works on Virous Stones
 64658 | Vaults:2 | Reached skill level 15 in Armour
 65681 | Vaults:3 | Reached skill level 15 in Fighting
 65727 | Vaults:3 | Found a staircase to the Crypt.
 66240 | Vaults:3 | Reached skill level 15 in Spellcasting
 66253 | Vaults:3 | Reached XP level 24. HP: 135/135 MP: 11/43
 67730 | Vaults:4 | Reached skill level 10 in Evocations
 68109 | Vaults:4 | Noticed Xtahua
 68116 | Vaults:4 | Killed Xtahua
 68294 | Vaults:4 | Reached skill level 16 in Fighting
 69149 | Depths:1 | Entered Level 1 of the Depths
 69365 | Depths:1 | Found a gateway to Hell.
 69465 | Depths:1 | Found a one-way gate leading to the halls of Pandemonium.
 69513 | Depths:1 | Found a gateway to a ziggurat.
 70335 | Depths:1 | Found a runed translucent door.
 70340 | Depths:1 | Noticed spacetime's ghost (veteran GrFi)
 70722 | Depths:1 | Found Oratuafi's General Store.
 70755 | Depths:1 | Reached XP level 25. HP: 102/141 MP: 38/44
 70817 | Depths:1 | Bought a potion of brilliance for 68 gold pieces
 70817 | Depths:1 | Bought a potion of agility for 68 gold pieces
 71666 | Elf:1    | Killed guttsta's ghost
 71784 | Elf:1    | Identified the +1 pair of gloves "Oliz" {rN+++ MR- Str-2
                  | Stlth+} (You found it on level 1 of the Elven Halls)
 71786 | Elf:1    | Identified the +2 pair of boots "Pucyhomp" {Dex+5} (You
                  | found it on level 1 of the Elven Halls)
 72654 | Depths:2 | Noticed Saint Roka
 72813 | Depths:2 | Killed Saint Roka
 72897 | Depths:2 | Noticed Nikola
 72907 | Depths:2 | Killed Nikola
 73332 | Depths:2 | Identified the +6 faerie dragon scales {rPois rCorr}
 73332 | Depths:2 | Noticed the Enchantress
 73373 | Depths:2 | Found Zefal's Gadget Shoppe.
 73393 | Depths:2 | Reached skill level 17 in Fighting
 73563 | Depths:2 | Killed the Enchantress
 73763 | Depths:2 | Found Meg Uxob's Jewellery Boutique.
 73765 | Depths:2 | Found Angic's Gadget Shoppe.
 74350 | Depths:3 | Found a one-way gate to the infinite horrors of the Abyss.
 74995 | Slime:1  | Entered Level 1 of the Pits of Slime
 75144 | Slime:5  | Entered Level 5 of the Pits of Slime
 75406 | Slime:5  | Found a viscous altar of Jiyva.
 75720 | Slime:5  | Noticed the Royal Jelly
 75732 | Slime:5  | Killed the Royal Jelly
 75739 | Slime:5  | Gained mutation: Your body sometimes deteriorates upon
                  | taking damage. [a shining eye]
 75812 | Slime:5  | Reached XP level 26. HP: 140/151 MP: 39/45
 75830 | Slime:5  | Identified Haiq's Papyrus of the Voyage
 75850 | Slime:5  | Got a slimy rune of Zot
 75890 | Slime:5  | Identified the Compendium of the Rocks and Contamination
 75938 | Slime:5  | Got a smoking long sword
 75939 | Slime:5  | Identified the +8 long sword of Gozag's Condemnation
                  | {drain, *Slow rElec rC++ Str+3} (You found it on level 5 of
                  | the Pits of Slime)
 75943 | Slime:5  | Got a slimy war axe
 75944 | Slime:5  | Identified the +6 war axe of Wusyhero {venom, rF+} (You
                  | found it on level 5 of the Pits of Slime)
 76414 | Depths:3 | Found a shadowy altar of Dithmenos.
 76414 | Depths:3 | Found an ancient bone altar of Kikubaaqudgha.
 76415 | Depths:3 | Found a glowing golden altar of the Shining One.
 76434 | Depths:3 | Reached skill level 18 in Fighting
 78248 | Depths:3 | Identified the ring "Pymoeq" {+Inv rN+ MR+ Str+4}
 78340 | Depths:3 | Reached skill level 19 in Fighting
 78359 | Depths:3 | Identified the +6 trident of Pof Sero {venom, SInv}
 78359 | Depths:3 | Identified the ring of Guijosiu {Fire MR+}
 78990 | Depths:3 | Noticed a juggernaut
 78995 | Depths:3 | Killed a juggernaut
 79650 | Depths:4 | Reached skill level 20 in Fighting
 79845 | Depths:4 | Reached XP level 27. HP: 161/161 MP: 7/45
 80143 | Depths:4 | Found Goipt's General Store.
 80149 | Depths:4 | Bought a scroll of teleportation for 39 gold pieces
 80277 | Depths:4 | Noticed Louise
 80281 | Depths:4 | Killed Louise
 80798 | Depths:5 | Entered Level 5 of the Depths
 80874 | Depths:5 | Found a flickering gateway to a bazaar.
 80880 | Bazaar   | Entered a bazaar
 80880 | Bazaar   | Found Dyr Imy's Armour Emporium.
 80880 | Bazaar   | Found Mudurraa's Magic Scroll Shoppe.
 80880 | Bazaar   | Found Korri's General Store.
 80880 | Bazaar   | Found Vonidd's General Store.
 80898 | Bazaar   | Bought a potion of magic for 88 gold pieces
 80906 | Bazaar   | Bought a potion of resistance for 90 gold pieces
 80908 | Bazaar   | Bought a scroll of teleportation for 45 gold pieces
 80908 | Bazaar   | Bought a scroll of summoning for 142 gold pieces
 80908 | Bazaar   | Bought a scroll of magic mapping for 52 gold pieces
 80914 | Bazaar   | Bought a potion of agility for 44 gold pieces
 80924 | Bazaar   | Bought a scroll of brand weapon for 180 gold pieces
 80945 | Depths:5 | Found Kowed's Gadget Shoppe.
 81263 | Depths:5 | Found a shattered altar of Ashenzari.
 82772 | Depths:5 | Found a gate to the Realm of Zot.
 83296 | Crypt:1  | Entered Level 1 of the Crypt
 83330 | Crypt:1  | Reached skill level 1 in Maces & Flails
 84001 | Crypt:1  | Found a deep blue altar of Sif Muna.
 84038 | Crypt:1  | Identified Sif Muna's Handbook of the Escort
 84053 | Crypt:1  | Learned a level 4 spell: Summon Lightning Spire
 84324 | Crypt:2  | Reached skill level 5 in Maces & Flails
 84976 | Crypt:2  | Noticed Frederick
 85064 | Crypt:2  | Killed Frederick
 85494 | Crypt:3  | Entered Level 3 of the Crypt
 85494 | Crypt:3  | Noticed Boris
 85529 | Crypt:3  | Reached skill level 15 in Evocations
 85551 | Crypt:3  | Killed Boris
 86070 | Crypt:3  | Found an ancient bone altar of Kikubaaqudgha.
 86096 | Crypt:3  | Reached skill level 10 in Maces & Flails
 86109 | Crypt:3  | Noticed Sojobo
 86448 | Crypt:3  | Learned a level 2 spell: Blink
 86450 | Crypt:3  | Learned a level 1 spell: Apportation
 87182 | Elf:3    | Got a bloodstained hunting sling
 87183 | Elf:3    | Identified the +3 hunting sling of the Gnat {flame, rF+ rN+
                  | Int+2} (You found it on level 3 of the Elven Halls)
 87202 | Elf:3    | Got a transparent shortbow
 87203 | Elf:3    | Identified the +10 shortbow "Nibri" {flame, *Drain rElec
                  | rC+} (You found it on level 3 of the Elven Halls)
 87991 | Depths:1 | Bought a box of beasts for 340 gold pieces
 88065 | Depths:2 | Bought a box of beasts for 360 gold pieces
 88065 | Depths:2 | Bought a wand of clouds (5) for 486 gold pieces
 88069 | Depths:2 | Bought a wand of clouds (4) for 504 gold pieces
 88069 | Depths:2 | Bought a sack of spiders for 420 gold pieces
 88069 | Depths:2 | Bought a box of beasts for 420 gold pieces
 88069 | Depths:2 | Bought a sack of spiders for 420 gold pieces
 88069 | Depths:2 | Bought a sack of spiders for 420 gold pieces
 88069 | Depths:2 | Bought a wand of clouds (3) for 441 gold pieces
 88185 | Depths:5 | Bought a phial of floods for 600 gold pieces
 88185 | Depths:5 | Bought a box of beasts for 300 gold pieces
 88185 | Depths:5 | Bought a box of beasts for 300 gold pieces
 88237 | Zot:1    | Entered Level 1 of the Realm of Zot
 90140 | Zot:5    | Entered Level 5 of the Realm of Zot
 91213 | Zot:5    | Noticed an orb of fire
 91216 | Zot:5    | Noticed an ancient lich
 91218 | Zot:5    | Noticed an orb of fire
 91220 | Zot:5    | Noticed an ancient lich
 91222 | Zot:5    | Gained mutation: You are occasionally teleported next to
                  | monsters. [an orb of fire]
 91226 | Zot:5    | Gained mutation: You are dopey. (Int -2) [an orb of fire]
 91461 | Zot:5    | Killed an orb of fire
 91468 | Zot:5    | Lost mutation: You are dopey. (Int -2) [potion of mutation]
 91468 | Zot:5    | Lost mutation: Your body sometimes deteriorates upon taking
                  | damage. [potion of mutation]
 91468 | Zot:5    | Gained mutation: You expend magic power (3 MP) to
                  | strengthen your wands. [potion of mutation]
 91468 | Zot:5    | Gained mutation: You are somewhat resistant to further
                  | mutation. [potion of mutation]
 91469 | Zot:5    | Lost mutation: You expend magic power (3 MP) to strengthen
                  | your wands. [potion of mutation]
 91469 | Zot:5    | Lost mutation: You are occasionally teleported next to
                  | monsters. [potion of mutation]
 91675 | Zot:5    | Killed an ancient lich
 92125 | Zot:5    | Killed an ancient lich
 92271 | Zot:5    | Gained mutation: You are frail. (-10% HP) [an orb of fire]
 92274 | Zot:5    | Killed an orb of fire
 93017 | Zot:5    | Noticed an orb of fire
 93018 | Zot:5    | Got the Orb of Zot
 93023 | Zot:5    | Noticed Puckuywk the pandemonium lord
 93030 | Zot:5    | Killed an orb of fire
 93030 | Zot:5    | Reached skill level 21 in Fighting
 93759 | D:3      | Noticed Jaag the pandemonium lord
 93836 | D:1      | gg
 93837 | D:$      | Escaped with the Orb!

Vault maps used:
D:1:      dpeg_arrival_round_c, supply_closet_lemuel
D:2:      chequers_ecumenical_altar_simple_redux, first_ration, st_stairs_6
D:3:      lemuel_coloured_pillars_altar, minmay_goblin_kobold_house
D:4:      nemelex_xobeh_ov_fountains_minmay, lemuel_blue_sif_altar,
          grunt_temple_overflow_open, old_standard_altar, uniq_natasha,
          uniq_duvessa
D:5:      led_xom_imps, uniq_grinder, uniq_ijyb
D:6:      trog_ov_bears_minmay, kiku_gazebo_pond_becter,
          minmay_temple_entry_hall, minmay_door_square,
          nicolae_ru_great_annihilating_truth, uniq_prince_ribbit1,
          uniq_eustachio
D:7:      lemuel_round_altar, grunt_livestock, minmay_misc_feat_alley
D:8:      makhleb_blood_cavern_becter, uniq_harold
D:9:      david_orc_3, lemuel_another_geyser
D:10:     grunt_lair_entry_orc_guard_hut, roderic_batcave, uniq_sonja
D:11:     minivault_14
D:12:     tgw_fedhas, uniq_erolcha, uniq_nessos
D:13:     grunt_vaults_entry_fortified, basic_altar
D:14:     enter_trove_2, serial_shops, shop, elyvilon_altar_5
D:15:     grunt_enter_depths_magical_seal, ebering_ghost_xom,
          serial_park_square3, basic_altar
Lair:1:   grunt_megastairs_5
Lair:2:   shoals_dummy_entry, enter_volcano_4, grunt_forest_large_clearings
Lair:3:   dummy_snake_entry, serial_bayou_shore_b, serial_bayou_shore_a
Lair:4:   cheibrodos_lair_reptile_den, infiniplex_staircase_pool
Lair:5:   slime_altar_1, lemuel_fruit_fields
Lair:6:   minmay_lair_end_enchanted_forest, gammafunk_ghost_icy,
          portal_ice_cave_entry_ice_beasts
Shoals:1: layout_shoals
Shoals:2: layout_shoals, nicolae_shoals_kraken_intersection
Shoals:3: layout_shoals, ebering_ghost_xom
Shoals:4: shoals_end_simple, layout_shoals, uniq_polyphemus
Snake:1:  layout_misc_corridors, serial_shops, nicolae_shop_behind_doors,
          grunt_megastairs_3, lemuel_fruit_tree
Snake:2:  layout_onion_interference
Snake:3:  dpeg_oklob_gauntlet, layout_layer_cave
Snake:4:  minmay_snake_end_coiled, layout_gridlike, serial_shops, shop,
          minmay_shop_star
Slime:1:  layout_caves
Slime:2:  layout_caves
Slime:3:  layout_caves
Slime:4:  cheibrodos_slime_lost_civilization_9, layout_caves,
          cheibrodos_slime_lost_civilization_7, uniq_dissolution
Slime:5:
Orc:1:    orc_temple, layout_caves, serial_shops, shop
Orc:2:    grunt_orc_tribal_feast, layout_diamond_mine, basic_altar
Elf:1:    eino_elf_arrival_the_gate, layout_loops_corners,
          gammafunk_ghost_tricky_traps, kennysheep_underground_church
Elf:2:    layout_geoelf_octagon, portal_desolation_entry_salt,
          minmay_elf_sorcery, uniq_azrael
Elf:3:    elf_hall, layout_gridlike, dk_noncrumbling_4,
          evilmike_spriggan_trog_shrine
Vaults:1: v_misc_28, vaults_room_octagon, vaults_room_grunt_arrival_ludios,
          nicolae_vaults_angled_halls, ontoclasm_vaults_gallery,
          vaults_room_pools, layout_vaults_omnigrid
Vaults:2: v_pattern_1, v_misc_12, st_smaller_cells, vaults_mumra_minichess,
          hangedman_vaults_trim, ontoclasm_vaults_pinch,
          grunt_vaults_hallway_short, grunt_vaults_twisty, v_misc_10,
          vaults_room_ringed_pool, v_misc_14, vaults_room_large_hall,
          ontoclasm_vaults_shuriken, layout_vaults_big_cross,
          lightli_enter_wizlab_magi_temple
Vaults:3: minmay_crypt_entry_simple_box, grunt_vaults_funnel,
          vaults_standard_mumra_enter_the_diamond, ontoclasm_vaults_idyll,
          vaults_room_guarded_vault, nicolae_vaults_network_barrier,
          nicolae_vaults_theta, hangedman_vaults_pinch, vaults_room_grid,
          nicolae_vaults_network_star, nicolae_vaults_diagonal_hallway_6,
          nicolae_vaults_alarming, layout_vaults_ring
Vaults:4: vaults_room_hallway, v_misc_3, ontoclasm_vaults_loading_screen,
          hangedman_vaults_slither, v_pattern_4, hangedman_vaults_nodes,
          nicolae_vaults_little_squares_4, vaults_dpeg_hooks,
          ontoclasm_vaults_idyll, nicolae_vaults_circle_grid_a,
          dpeg_vaults_monster_box, ontoclasm_vaults_idyll,
          grunt_vaults_funneled_arena, vaults_dpeg_cross,
          layout_vaults_maze_bifur, uniq_xtahua
Crypt:1:  layout_rooms, minmay_misc_feat_columns, hex_medium,
          hangedman_summoners_spam
Crypt:2:  layout_gridlike, roderic_lattice_octagonal_star, uniq_frederick
Crypt:3:  grunt_crypt_end_deaths_head, uniq_sojobo, uniq_boris
Depths:1: layout_gridlike, enter_ziggurat_e, muffindrake_ghost_dead_mans_drink,
          rand_demon_pan_entry_7, hell_entry, serial_curves, eino_curves_04,
          eino_curves_03, eino_curves_04, minmay_misc_feat_roman,
          nicolae_lava_and_water, statue_in_the_mist_lemuel,
          hangedman_abyss_or_decor_jellyfish_corner, drop_trap,
          kennysheep_windowed_goal
Depths:2: wad_arrow_thing, layout_long_grid, grunt_pan_entry_zigzag, hell_entry,
          glass_columns_a, minmay_staircase_statues, serial_bayou_shore_b,
          minmay_shop_grove, uniq_enchantress, uniq_nikola, uniq_saint_roka
Depths:3: hangedman_slaughterboxes, pan_entry, abyss_entry, hell_entry,
          serial_shops
Depths:4: minmay_ornate_pinched, layout_long_grid, serial_shops,
          nicolae_shop_trees, hell_entry, rand_demon_pan_entry_4,
          nicolae_abyss_entry_one_way_or_another, serial_bayou_pond_c,
          minmay_tree_intersection, minmay_misc_feat_four_crosses,
          kennysheep_small_spiral, minmay_staircase_windowed_small
Depths:5: grunt_zot_entry_gee_three, layout_basic, hangedman_geh_valley,
          serial_shops, bzr_entry_water, minmay_fountain_box,
          rand_demon_pan_entry_3, minmay_shop_grid_forest,
          evilmike_ruin_ashenzari
Zot:1:    layout_basic
Zot:2:    layout_misc_corridors
Zot:3:    layout_twisted_circle, zot_minivault_8
Zot:4:    layout_onion_interference, hangedman_zot_gyre
Zot:5:    layout_misc_corridors
Bazaar:   bazaar_minmay_row
IceCv:    ice_cave_statue_garden_chambered
Volcano:  volcano_overflow
WizLab:   wizlab_wucad Desolation:

Skill      XL: |  1  2  3  4  5  6  7  8  9 10 11 12 13 14 15 16 17 18 19 20 21 22 23 24 25 26 27 |
---------------+----------------------------------------------------------------------------------+-----
Conjurations   | 2 3 4 6 7 8 9 11 13 14 17 | 17.0
Air Magic      | 5 6 7 8 9 10 11 14 | 14.5
Spellcasting   | 3 4 5 7 8 10 11 13 15 16 17 | 17.0
Fighting       | 3 6 8 10 11 12 13 14 15 16 17 20 21 | 21.5
Dodging        | 4 6 7 9 10 11 12 13 14 15 16 17 | 17.0
Shields        | 4 5 7 10 11 12 13 14 15 | 15.0
Invocations    | 3 5 7 8 9 11 | 11.0
Evocations     | 5 7 8 10 12 20 | 20.0
Ice Magic      | 5 6 9 10 12 | 12.0
Armour         | 8 13 14 15 16 17 | 17.0
Charms         | 4 |  4.0
Maces & Flails | 12 | 12.0
Stealth        | |  2.0

Action                   |  1- 3 |  4- 6 |  7- 9 | 10-12 | 13-15 | 16-18 | 19-21 | 22-24 | 25-27 || total
-------------------------+-------+-------+-------+-------+-------+-------+-------+-------+-------++-------
Melee: Unarmed           |    13 |       |       |       |       |       |       |       |       ||    13
       Kick              |     3 |     1 |    11 |    27 |   130 |   187 |   115 |   110 |   296 ||   880
       Spear             |       |     5 |    77 |   163 |   404 |   468 |       |       |       ||  1117
       Peck              |       |       |     7 |    12 |    78 |   113 |    75 |    70 |   167 ||   522
       Flail             |       |       |       |       |       |   105 |   335 |   352 |   462 ||  1254
       Demon whip        |       |       |       |       |       |       |       |       |   461 ||   461
 Cast: Shock             |    87 |   119 |    36 |    31 |    40 |     6 |    10 |       |       ||   329
       Swiftness         |     1 |     2 |     1 |     1 |       |       |     1 |       |       ||     6
       Airstrike         |       |    14 |    91 |   166 |   384 |   254 |   223 |    28 |   176 ||  1336
       Lightning Bolt    |       |       |     3 |    10 |    89 |   171 |    17 |    53 |    20 ||   363
       Freezing Cloud    |       |       |       |       |       |    41 |    54 |    44 |    30 ||   169
       Orb of Destructio |       |       |       |       |       |    24 |    80 |    86 |   286 ||   476
       Bolt of Cold      |       |       |       |       |       |       |    48 |    45 |    39 ||   132
       Deflect Missiles  |       |       |       |       |       |       |       |     5 |     2 ||     7
       Apportation       |       |       |       |       |       |       |       |       |     6 ||     6
       Summon Lightning  |       |       |       |       |       |       |       |       |     1 ||     1
Invok: Recall Ancestor   |       |       |     6 |     7 |     4 |    21 |     6 |     8 |    32 ||    84
       Ancestor Identity |       |       |     1 |       |       |       |       |       |       ||     1
       Ancestor Life: Ba |       |       |       |     1 |       |       |       |       |       ||     1
       Idealise          |       |       |       |     1 |       |       |       |       |     2 ||     3
 Abil: Fly               |       |     1 |       |       |       |       |       |       |     1 ||     2
       Stop Flying       |       |       |       |       |       |       |       |       |     1 ||     1
Evoke: Wand              |       |       |     1 |     2 |     2 |     4 |       |     3 |    22 ||    34
       Box of beasts     |       |       |       |       |       |       |       |       |     1 ||     1
  Use: Scroll            |       |     7 |     3 |     7 |    10 |    11 |    14 |     1 |    37 ||    90
       Potion            |       |     2 |       |     2 |     1 |     1 |     1 |     1 |    16 ||    24
 Stab: Distracted        |       |       |     3 |     1 |     6 |     5 |     1 |     3 |     6 ||    25
       Paralysed         |       |       |     1 |     4 |     2 |       |       |       |     3 ||    10
       Sleeping          |       |       |     1 |     1 |       |       |       |       |     3 ||     5
       Confused          |       |       |       |       |       |       |       |       |     1 ||     1
  Eat: Chunk             |     4 |    10 |    43 |    38 |    67 |    46 |    37 |    39 |    41 ||   325
       Ration            |     1 |       |       |       |     1 |    15 |    11 |     3 |    30 ||    61
Armor: Robe              |    10 |     6 |     8 |     1 |       |       |       |       |       ||    25
       Leather armour    |       |       |       |    32 |    70 |    76 |    60 |    47 |       ||   285
       Scale mail        |       |       |       |       |       |       |       |    63 |    44 ||   107
       Acid dragon scale |       |       |       |       |       |       |       |       |   219 ||   219
Dodge: Dodged            |    18 |    27 |    65 |   164 |   370 |   534 |   510 |   358 |   863 ||  2909
       Deflected         |       |       |       |     2 |    10 |    59 |    34 |    38 |    23 ||   166
Block: Buckler           |       |       |       |    37 |    25 |       |       |       |       ||    62
       Shield            |       |       |       |       |   316 |   591 |   451 |   396 |   819 ||  2573

Table legend:
 A = Non-vault XP
 B = Vault XP
 C = Vault XP percentage of total XP
 D = Non-vault monster count
 E = Vault monster count
 F = Vault count percentage of total count
                 A         B        C        D         E       F
            +---------+---------+-------+---------+---------+-------
      Total |  744396 |  771871 |  50.9 |    1575 |     931 |  37.2
            +---------+---------+-------+---------+---------+-------
        D:1 |      73 |       0 |   0.0 |      37 |       0 |   0.0
        D:2 |      46 |      13 |  22.0 |      18 |       1 |   5.3
        D:3 |      85 |      10 |  10.5 |      18 |       6 |  25.0
        D:4 |     458 |      35 |   7.1 |      24 |       1 |   4.0
        D:5 |     905 |     530 |  36.9 |      20 |       7 |  25.9
        D:6 |     799 |     718 |  47.3 |      25 |       7 |  21.9
        D:7 |    1580 |     977 |  38.2 |      29 |       5 |  14.7
        D:8 |    1507 |    1204 |  44.4 |      34 |       3 |   8.1
        D:9 |    1686 |      53 |   3.0 |      25 |       4 |  13.8
       D:10 |    3513 |    1860 |  34.6 |      32 |      15 |  31.9
       D:11 |    6590 |       0 |   0.0 |      32 |       0 |   0.0
       D:12 |    9184 |    2319 |  20.2 |      41 |       2 |   4.7
       D:13 |    6240 |    7808 |  55.6 |      34 |      10 |  22.7
       D:14 |   17983 |       0 |   0.0 |      54 |       0 |   0.0
       D:15 |   10533 |    9748 |  48.1 |      26 |      17 |  39.5
     Lair:1 |    6406 |    1239 |  16.2 |      27 |       6 |  18.2
     Lair:2 |    4267 |    3287 |  43.5 |      16 |      25 |  61.0
     Lair:3 |    7840 |     436 |   5.3 |      22 |       1 |   4.3
     Lair:4 |    3386 |     502 |  12.9 |      15 |       7 |  31.8
     Lair:5 |   10186 |       0 |   0.0 |      34 |       0 |   0.0
     Lair:6 |   10850 |   10025 |  48.0 |      27 |      58 |  68.2
   Shoals:1 |   10142 |       0 |   0.0 |      23 |       0 |   0.0
   Shoals:2 |   15805 |    2411 |  13.2 |      31 |       1 |   3.1
   Shoals:3 |   21801 |    4304 |  16.5 |      41 |       4 |   8.9
   Shoals:4 |   19092 |   30447 |  61.5 |      34 |      40 |  54.1
    Snake:1 |   12295 |     456 |   3.6 |      24 |       1 |   4.0
    Snake:2 |   24822 |       0 |   0.0 |      46 |       0 |   0.0
    Snake:3 |   15064 |    1107 |   6.8 |      30 |       2 |   6.2
    Snake:4 |   31870 |   25135 |  44.1 |      63 |      46 |  42.2
    Slime:1 |    1886 |       0 |   0.0 |       8 |       0 |   0.0
    Slime:2 |    1563 |       0 |   0.0 |       7 |       0 |   0.0
    Slime:4 |    2196 |       0 |   0.0 |       1 |       0 |   0.0
    Slime:5 |   17164 |   32661 |  65.6 |      27 |      11 |  28.9
      Orc:1 |    3380 |    6471 |  65.7 |      37 |      28 |  43.1
      Orc:2 |    4377 |    7644 |  63.6 |      29 |      30 |  50.8
      Elf:1 |   28238 |   15025 |  34.7 |      44 |      21 |  32.3
      Elf:2 |   25413 |   10301 |  28.8 |      43 |      16 |  27.1
      Elf:3 |   13505 |   48530 |  78.2 |      22 |      34 |  60.7
   Vaults:1 |   20377 |   11601 |  36.3 |      33 |      12 |  26.7
   Vaults:2 |   45460 |   31760 |  41.1 |      70 |      49 |  41.2
   Vaults:3 |   29108 |   31269 |  51.8 |      42 |      40 |  48.8
   Vaults:4 |   16262 |   31529 |  66.0 |      28 |      35 |  55.6
    Crypt:1 |   26325 |    6629 |  20.1 |      32 |      11 |  25.6
    Crypt:2 |   37362 |    5283 |  12.4 |      56 |       1 |   1.8
    Crypt:3 |       0 |   35320 | 100.0 |       0 |      65 | 100.0
   Depths:1 |   45883 |    7543 |  14.1 |      54 |       8 |  12.9
   Depths:2 |   22436 |   37447 |  62.5 |      35 |      49 |  58.3
   Depths:3 |    1807 |  131057 |  98.6 |       3 |      90 |  96.8
   Depths:4 |   40305 |   11721 |  22.5 |      50 |      11 |  18.0
   Depths:5 |   18637 |   25518 |  57.8 |      18 |      23 |  56.1
      Zot:1 |   29299 |       0 |   0.0 |      21 |       0 |   0.0
      Zot:2 |    9945 |       0 |   0.0 |       4 |       0 |   0.0
      Zot:3 |    7666 |       0 |   0.0 |       3 |       0 |   0.0
      Zot:4 |   21518 |    1959 |   8.3 |      12 |       2 |  14.3
      Zot:5 |   19276 |  129728 |  87.1 |      14 |      36 |  72.0
      IceCv |       0 |    3243 | 100.0 |       0 |      11 | 100.0
    Volcano |       0 |    1058 | 100.0 |       0 |       3 | 100.0
     WizLab |       0 |    1222 | 100.0 |       0 |       1 | 100.0
 Desolation |       0 |   42728 | 100.0 |       0 |      75 | 100.0
            +---------+---------+-------+---------+---------+-------
